 Dungeon Crawl Stone Soup version 0.27.1 (webtiles) character file.

Game seed: 7926916616950393933

28 r3algoood the Conjurer (level 2, -2/20 HPs)
             Began as a Demigod Conjurer on Sept 1, 2021.
             Slain by a kobold (3 damage)
             ... on level 2 of the Dungeon.
             The game lasted 00:02:58 (1156 turns).

r3algoood the Conjurer (Demigod Conjurer)           Turns: 1156, Time: 00:02:59

Health: -2/20      AC:  2    Str:  8    XL:     2   Next: 75%
Magic:  7/7        EV: 12    Int: 20    God:
Gold:   22         SH:  0    Dex: 12    Spells: 4/5 levels left

rFire    . . .     SeeInvis .   b - +0 dagger
rCold    . . .     Faith    .   (no shield)
rNeg     . . .     Spirit   .   a - +0 robe
rPois    .         Reflect  .   (no helmet)
rElec    .         Harm     .   (no cloak)
rCorr    .         Rampage  .   (no gloves)
Will     .....                  (no boots)
Stlth    ++........             (no amulet)
HPRegen  0.06/turn              (no ring)
MPRegen  0.10/turn              (no ring)

@: no status effects
A: high mp 1, forlorn
a: no special abilities


You were on level 2 of the Dungeon.
You visited 1 branch of the dungeon, and saw 2 of its levels.

You collected 22 gold pieces.

Inventory:

Hand Weapons
 b - a +0 dagger (weapon)
Armour
 a - a +0 robe (worn)
Magical Staves
 g - a staff of earth
Scrolls
 c - a scroll of teleportation {unknown}
 d - a scroll of acquirement {unknown}
Potions
 e - a potion of berserk rage {unknown}
 f - a potion of haste {unknown}


   Skills:
 + Level 1.9 Dodging
 + Level 2.1 Stealth
 * Level 2.0 Spellcasting
 * Level 4.1 Conjurations


You had 4 spell levels left.
You knew the following spells:

 Your Spells              Type           Power      Damage    Failure   Level
a - Magic Dart            Conj           72%        1d6       2%          1

Your spell library contained the following spells:

 Spells                   Type           Power      Damage    Failure   Level
 Searing Ray              Conj           36%        3d4       4%          2
 Dazzling Flash           Conj/Hex       20%        N/A       21%         3
 Fulminant Prism          Conj/Hex       5%         3d7       54%         4
 Iskenderun's Mystic Bla  Conj/Tloc      10%        2d4       54%         4


Dungeon Overview and Level Annotations

Branches:
Dungeon (2/15)

Shops:
D:1 [*:(


Innate Abilities, Weirdness & Mutations

Your attributes grow dramatically as you level up.
You have an increased reservoir of magic. (+10% MP)
You shall have no god before yourself.


Message History

The magic dart hits the giant cockroach.
The giant cockroach is severely wounded.
Casting: Magic Dart (safe; 2% risk of failure)
Confirm with . or Enter, or press ? or * to list all spells.
Aiming: Magic Dart (safe; 2% risk of failure)
Press: ? - help, Shift-Dir - straight line, f/p - giant cockroach
Aim: a giant cockroach (severely wounded, 100% to hit)
The magic dart hits the giant cockroach.
You kill the giant cockroach!
Casting: Magic Dart (safe; 2% risk of failure)
Confirm with . or Enter, or press ? or * to list all spells.
You can't see any susceptible monsters within range! (Use Z to cast anyway.) Unknown command.
You can't see any susceptible monsters within range! (Use Z to cast anyway.)
There is an entrance to Cakuloitwa's Antique Armour Shop here.
Done exploring.
Done exploring.
Done exploring.
Done exploring.
Done exploring.
Sorry, I don't know how to traverse that place.
There is a stone staircase leading down here.
You climb downwards.
The kobold shouts!
The endoplasm quivers.
There is a stone staircase leading up here.
Found a dented ruby amulet.
The kobold hits you but does no damage.
The kobold hits you with a +0 short sword.
The kobold closely misses you. The endoplasm barely misses you.
The kobold hits you with a +0 short sword.
You hit the kobold but do no damage. The endoplasm hits you.
The kobold closely misses you. The endoplasm freezes you.
You are frozen.
* * * LOW HITPOINT WARNING * * *
The worm bites you.
* * * LOW HITPOINT WARNING * * *
The kobold hits you with a +0 short sword.
You die...

#.....
#####
....##....#
#..........
###........
.........
#.....#
#.....#
#..wK.#
#..@..#
#...J.#
#.....#
#.......
#.....#.#
....####...
##.#. .##
."#. .#


You could see a worm, an endoplasm and a kobold.

Vanquished Creatures
  2 dart slugs (D:1)
  A ball python (D:1)
  2 giant cockroaches (D:1)
  2 goblins (D:1)
  4 hobgoblins (D:1)
  A quokka (D:1)
  2 bats (D:1)
  2 frilled lizards (D:1)
  2 kobolds (D:1)
  5 rats (D:1)
23 creatures vanquished.

Notes
Turn   | Place    | Note
-------+----------+-------------------------------------------
     0 | D:1      | r3algoood the Demigod Conjurer began the quest for the Orb.
     0 | D:1      | Reached XP level 1. HP: 14/14 MP: 5/5
   133 | D:1      | Found Ateos's Book Boutique.
   301 | D:1      | Reached skill level 4 in Conjurations
   301 | D:1      | Reached XP level 2. HP: 20/20 MP: 2/7
   571 | D:1      | Found Veseutt's General Store.
   832 | D:1      | Found Kuyl's Antique Weapon Shop.
  1065 | D:1      | Found Cakuloitwa's Antique Armour Shop.
  1156 | D:2      | HP: 1/20 [worm (5)]
  1156 | D:2      | Slain by a kobold

Illustrated notes

Levels and vault maps discovered:
D:1:      lightli_arrival_flooded_house, layout_rooms, serial_shops,
          shop_fountains, shop_statue, nicolae_shop_overgrown_old_shop,
          nicolae_lakefront_shop, st_stairs_13
D:2:      layout_rooms, shapermc_ecumenical_altar_pompeii, minmay_pentomino_s4,
          uniq_crazy_yiuf_cottage

Skill      XL: |  1  2 |
---------------+-------+-----
Conjurations   | 4 |  4.1
Stealth        | 2 |  2.1
Spellcasting   | 2 |  2.0
Dodging        | |  1.9

Action                   || total
-------------------------++-------
Melee: Dagger            ||    20
 Cast: Magic Dart        ||    44
Armor: Robe              ||     6
Dodge: Dodged            ||    13
